 Dungeon Sprint DCSS version 0.20-a0-251-g16a58bf (webtiles) character file.

12600000 Dfrag the Invulnerable (level 27, 0/298 HPs)
             Began as a Deep Dwarf Fighter on Nov 30, 2016.
             Was the Champion of Makhleb.
             Killed by divine providence
             ... invoked by an accursed
              (10 damage)
             ... in the Dungeon (Sprint VIII: "Arena of Blood").
             The game lasted 00:02:52 (126 turns).

Dfrag the Invulnerable (Deep Dwarf Fighter)          Turns: 126, Time: 00:02:53

Health: 0/298      AC: 13    Str: 29    XL:     27
Magic:  45/54      EV: 27    Int: 12    God:    Makhleb [******]
Gold:   0          SH:  0    Dex: 13    Spells: 80/80 levels left

rFire  . . .     SeeInvis .     m - +∞ Axe of Woe
rCold  . . .     Gourm    .     b - +0 scale mail
rNeg   + . .     Faith    .     (shield currently unavailable)
rPois  .         Spirit   .     (no helmet)
rElec  .         Reflect  .     (no cloak)
rCorr  .         Harm     .     (no gloves)
MR     ++++.     NoTele   +     (no boots)
Stlth  ++++++++..               (no amulet)
                                (no ring)
                                (no ring)

@: lethally poisoned (0 -> -4), very slightly contaminated, non-regenerating,
slowed, very slow
A: damage resistance, recharge devices, negative energy resistance 1, sense
surroundings 3, slow regeneration 3
a: Device Recharging, Minor Destruction, Lesser Servant of Makhleb, Major
Destruction, Greater Servant of Makhleb, Renounce Religion


You were in the Dungeon.
You worshipped Makhleb.
Makhleb was exalted by your worship.
You were not hungry.

You visited 1 branch

Inventory:

Hand Weapons
 a - a +0 war axe
 m - the +∞ Axe of Woe (weapon)
   (You found it in the Dungeon)
Armour
 b - a +0 scale mail (worn)
 c - a +0 shield
Wands
 e - a wand of heal wounds (5/9)
Potions
 d - a potion of might
 g - a potion of curing
 i - a potion of haste
 j - 2 potions of magic
 k - a potion of berserk rage
Comestibles
 f - a bread ration


   Skills:
 O Level 27 Fighting
 O Level 27 Axes
 O Level 27 Throwing
 O Level 27 Armour
 O Level 27 Dodging
 O Level 27 Stealth
 O Level 27 Shields
 O Level 27 Unarmed Combat
 O Level 27 Spellcasting
 O Level 27 Invocations
 O Level 27 Evocations


You had 80 spell levels left.
You didn't know any spells.

Dungeon Overview and Level Annotations

Branches:
Dungeon (1/1)

Altars:
Makhleb


Innate Abilities, Weirdness & Mutations

You are resistant to damage.
You can recharge devices by infusing magical energy.
You resist negative energy. (rN+)
You passively map a large area around you.
You do not regenerate.


Message History

You hear a shout! x6
The bag of meat moves out of view.
You hear a shout!
The accursed gestures at you while chanting.
Something smites you!
* * * LOW HITPOINT WARNING * * *
You hear a shout! x2
Found an uncursed ring of see invisible.
A hydra, 2 orcs, an ogre and a hill giant come into view.
Unknown command.
You feel much better.
You feel very sick.
The fleshlord shouts! x2; You hear a shout! x3
The tyrant waves its bony arms in wide circles.
The air twists around and strikes you!
* * * LOW HITPOINT WARNING * * *
You hear a shout!
The accursed points at you and mumbles some strange words.
Something smites you!
You die...

,,
,..D.XL§)###)%......
,,
,XX.###.)X....###...
,,,, , ,.
#.LX)...#..... , , ,
X#..X....#.....,,, ,
,,,o......o.....o. ,
* .Wo..........O# ,*
,...WoM..O..o.o.# ,
* , , *
L..oM....M...##, ,,
* {..#......@.#. , ,
, , , , ....p....#
,, , , , ,
#.#.p...... ,
............. ,, , ,
* ,...#.....####.C
,, , ..,......., D *
, . .......O , *
,....=..... * * * *
*


You could see 3 accurseds, a tentacled monstrosity, a tyrant, an eight-headed
meat hydra (wandering), 2 fleshlords, a large bag of meat (inner flame), 3 large
abominations, 2 dreads, 3 meat berserkers and 8 bags of meat.

Vanquished Creatures
  Sigmund (D)
  4 hell beasts (D)
  4 greater mummies (D)
  2 great orbs of eyes (D)
  9 wraiths (D)
  19 vampire knights (D)
  34 ogres (D)
  5 liches (D)
  2 hydras (D)
  63 orcs (D)
  3 phantoms (D)
  3 hill giants (D)
  4 skeletal warriors (D)
  A sea snake (D)
  5 large abominations (D)
  8 small abominations (D)
  7 crawling corpses (D)
174 creatures vanquished.

Vanquished Creatures (others)
  2 orcs (D)
  2 hill giants (D)
  7 crawling corpses (D)
11 creatures vanquished.

Grand Total: 185 creatures vanquished

Notes
Turn   | Place    | Note
-------+----------+-------------------------------------------
     0 | D        | Dfrag the Deep Dwarf Fighter began the quest for the Orb.
     0 | D        | Reached XP level 1. HP: 20/20 MP: 1/1
     2 | D        | Noticed a bag of meat
     2 | D        | Noticed a bag of meat
     4 | D        | Noticed a bag of meat
     5 | D        | Noticed a meat berserker
     6 | D        | Noticed a bag of meat
     6 | D        | Noticed a meat berserker
     7 | D        | Noticed a bag of meat
     7 | D        | Noticed a meat berserker
     7 | D        | Killed a meat berserker
     7 | D        | Reached XP level 2. HP: 55/55 MP: 2/2
     7 | D        | Reached XP level 3. HP: 62/62 MP: 3/3
     7 | D        | Reached XP level 4. HP: 70/70 MP: 4/4
     7 | D        | Reached XP level 5. HP: 79/79 MP: 5/5
     7 | D        | Reached XP level 6. HP: 87/87 MP: 6/6
     7 | D        | Reached XP level 7. HP: 94/94 MP: 7/7
     7 | D        | Reached XP level 8. HP: 103/103 MP: 8/8
     7 | D        | Gained mutation: You passively map the area around you. [Deep Dwarf growth]
     7 | D        | Reached XP level 9. HP: 110/110 MP: 9/9
     7 | D        | Reached XP level 10. HP: 120/120 MP: 10/10
     7 | D        | Reached XP level 11. HP: 127/127 MP: 11/11
     7 | D        | Reached XP level 12. HP: 135/135 MP: 12/12
     7 | D        | Reached XP level 13. HP: 142/142 MP: 13/13
     8 | D        | Noticed a bag of meat
     8 | D        | Killed a meat berserker
     8 | D        | Gained mutation: You resist negative energy. (rN+) [Deep Dwarf growth]
     8 | D        | Reached XP level 14. HP: 135/159 MP: 14/14
     8 | D        | Killed a bag of meat
     8 | D        | Reached skill level 15 in Axes
     8 | D        | Killed a bag of meat
     8 | D        | Reached XP level 15. HP: 146/172 MP: 15/15
     9 | D        | Noticed a meat berserker
    10 | D        | Killed a meat berserker
    10 | D        | Reached skill level 27 in Armour
    10 | D        | Reached XP level 16. HP: 160/188 MP: 16/16
    11 | D        | Reached skill level 27 in Shields
    12 | D        | Noticed a meat berserker
    12 | D        | Reached skill level 27 in Fighting
    12 | D        | Reached XP level 17. HP: 177/208 MP: 17/17
    13 | D        | Killed a meat berserker
    13 | D        | Reached skill level 27 in Axes
    14 | D        | Noticed a meat berserker
    15 | D        | Killed a meat berserker
    15 | D        | Gained mutation: You passively map a large area around you. [Deep Dwarf growth]
    15 | D        | Reached XP level 18. HP: 185/218 MP: 17/28
    17 | D        | Became a worshipper of Makhleb the Destroyer
    18 | D        | Killed a meat berserker
    18 | D        | Reached * piety under Makhleb
    19 | D        | Reached skill level 27 in Dodging
    19 | D        | Reached XP level 19. HP: 148/226 MP: 17/29
    20 | D        | Noticed a meat berserker
    22 | D        | Reached ** piety under Makhleb
    22 | D        | Reached skill level 15 in Stealth
    22 | D        | Reached skill level 10 in Spellcasting
    22 | D        | Reached skill level 10 in Invocations
    24 | D        | Noticed a destroyer
    25 | D        | Killed a meat berserker
    26 | D        | Reached *** piety under Makhleb
    26 | D        | Reached skill level 15 in Throwing
    26 | D        | Reached skill level 15 in Unarmed Combat
    26 | D        | Reached XP level 20. HP: 155/236 MP: 18/38
    27 | D        | Noticed a destroyer
    27 | D        | Reached skill level 15 in Spellcasting
    28 | D        | Noticed a destroyer
    28 | D        | Killed a destroyer
    28 | D        | Reached **** piety under Makhleb
    28 | D        | Reached XP level 21. HP: 244/244 MP: 19/42
    30 | D        | Noticed a destroyer
    31 | D        | Reached skill level 27 in Stealth
    32 | D        | Killed a destroyer
    32 | D        | Reached ***** piety under Makhleb
    32 | D        | Reached skill level 27 in Invocations
    32 | D        | Reached skill level 27 in Evocations
    32 | D        | Reached XP level 22. HP: 254/254 MP: 20/47
    32 | D        | Killed a destroyer
    33 | D        | Noticed a destroyer
    33 | D        | Killed a destroyer
    33 | D        | Reached skill level 27 in Throwing
    33 | D        | Reached skill level 27 in Unarmed Combat
    35 | D        | Reached skill level 27 in Spellcasting
    35 | D        | Reached XP level 23. HP: 262/262 MP: 20/54
    38 | D        | Noticed a destroyer
    38 | D        | Reached ****** piety under Makhleb
    41 | D        | Killed a destroyer
    41 | D        | Reached XP level 24. HP: 173/272 MP: 22/54
    42 | D        | Killed a destroyer
    48 | D        | Noticed a destroyer
    48 | D        | Reached XP level 25. HP: 280/280 MP: 24/54
    51 | D        | Noticed a destroyer
    51 | D        | Killed a destroyer
    53 | D        | Reached XP level 26. HP: 290/290 MP: 26/54
    55 | D        | Noticed a destroyer
    56 | D        | Noticed a tyrant
    56 | D        | Noticed a destroyer
    56 | D        | Noticed a tyrant
    57 | D        | Noticed a destroyer
    57 | D        | Noticed an accursed
    58 | D        | Noticed an accursed
    58 | D        | Killed a destroyer
    59 | D        | Reached XP level 27. HP: 298/298 MP: 27/54
    60 | D        | Noticed The Captor
    60 | D        | Killed a destroyer
    64 | D        | Noticed a destroyer
    64 | D        | Killed a destroyer
    65 | D        | Killed a tyrant
    66 | D        | Noticed a destroyer
    66 | D        | Noticed a destroyer
    66 | D        | Killed a destroyer
    68 | D        | Killed a destroyer
    68 | D        | Killed a tyrant
    69 | D        | Killed a destroyer
    71 | D        | Noticed a dread
    72 | D        | Killed an accursed
    74 | D        | Noticed a dread
    74 | D        | Killed The Captor
    76 | D        | Killed a destroyer
    80 | D        | Noticed a dread
    82 | D        | Killed a dread
    83 | D        | Noticed a dread
    85 | D        | Killed a dread
    86 | D        | Noticed a destroyer
    86 | D        | Killed a dread
    87 | D        | Noticed a destroyer
    88 | D        | Killed an accursed
    90 | D        | Noticed a meat beast
    90 | D        | Killed a destroyer
    91 | D        | Noticed a meat beast
    92 | D        | Noticed a destroyer
    92 | D        | Killed a destroyer
    93 | D        | Noticed a tyrant
    93 | D        | Killed a dread
    93 | D        | Killed a meat beast
    94 | D        | Noticed a dread
    95 | D        | Killed a meat beast
    95 | D        | Killed a tyrant
    97 | D        | Noticed a tyrant
    97 | D        | Killed a destroyer
    99 | D        | Noticed a dread
   100 | D        | Noticed a dread
   101 | D        | Noticed a dread
   102 | D        | Noticed a meat beast
   102 | D        | Noticed a tyrant
   102 | D        | Noticed a destroyer
   104 | D        | Noticed an accursed
   105 | D        | Noticed a meat beast
   105 | D        | Killed a destroyer
   106 | D        | Killed a meat beast
   107 | D        | Noticed an accursed
   109 | D        | Noticed a tyrant
   109 | D        | HP: 10/298 [dread/damnation (30)]
   109 | D        | Noticed a tyrant
   110 | D        | Killed a dread
   113 | D        | Noticed an accursed
   113 | D        | Noticed a dread
   113 | D        | Killed a dread
   113 | D        | Killed a tyrant
   113 | D        | Killed a dread
   114 | D        | Killed a tyrant
   114 | D        | Killed a dread
   115 | D        | Noticed a tyrant
   115 | D        | Killed a meat beast
   115 | D        | Killed an accursed
   117 | D        | Noticed an accursed
   119 | D        | HP: 9/295 [tyrant/the air (16)]
   120 | D        | Noticed a destroyer
   120 | D        | Noticed an accursed
   120 | D        | Noticed a dread
   121 | D        | Killed a dread
   123 | D        | Killed an accursed
   124 | D        | Noticed an accursed
   124 | D        | Killed a destroyer
   125 | D        | Noticed a dread
   125 | D        | Noticed a tyrant
   125 | D        | Noticed a fleshlord
   125 | D        | Noticed a fleshlord
   126 | D        | HP: 10/298 [tyrant/the air (35)]
   126 | D        | Killed from afar by an accursed

Vault maps used:
D:        meatsprint

Skill      XL: |  1  2  3  4  5  6  7  8  9 10 11 12 13 14 15 16 17 18 19 20 21 22 |
---------------+-------------------------------------------------------------------+-----
Fighting       | 16 19 21 23 27 | 27.0
Axes           | 12 14 16 18 23 27 | 27.0
Armour         | 19 22 24 27 | 27.0
Shields        | 19 22 24 26 27 | 27.0
Throwing       | 8 15 19 22 27 | 27.0
Dodging        | 9 27 | 27.0
Stealth        | 11 20 25 27 | 27.0
Unarmed Combat | 8 15 19 22 27 | 27.0
Spellcasting   | 7 14 17 21 27 | 27.0
Evocations     | 11 19 24 27 | 27.0
Invocations    | 17 23 27 | 27.0

Action                   |  1- 3 |  4- 6 |  7- 9 | 10-12 | 13-15 | 16-18 | 19-21 | 22-24 | 25-27 || total
-------------------------+-------+-------+-------+-------+-------+-------+-------+-------+-------++-------
Melee: Executioner's axe |     1 |       |       |       |     2 |     6 |    10 |     9 |    64 ||    92
  Use: Scroll            |       |       |       |       |       |       |       |       |     1 ||     1
       Potion            |       |       |       |       |       |       |       |       |     1 ||     1
Armor: Scale mail        |       |       |       |       |       |       |       |       |     4 ||     4
Dodge: Dodged            |       |       |       |       |       |       |     1 |     1 |    12 ||    14
